| TOP OF THE 1ST |
|
Baltimore Orioles batting - Pitching for California Angels : RHP Erick Vazquez
|
|
Pitching: RHP Erick Vazquez
|
|
|
Batting: RHB Rudo Garciaparra
|
0-0: Ball 1-0: Called Strike 1-1: Fly out, F8 (Flyball, 8LS, EV 89.4 MPH)
|
|
Batting: RHB Marc Peckermark
|
0-0: Called Strike 0-1: Ball 1-1: Foul Ball, location: 2F 1-2: Strikes out swinging
|
|
Batting: SHB Jason Hayes
|
0-0: Swinging Strike 0-1: Called Strike 0-2: Strikes out swinging
|
| Top of the 1st over - 0 runs, 0 hits, 0 errors, 0 left on base; Baltimore 0 - California 0 |
| BOTTOM OF THE 1ST |
|
California Angels batting - Pitching for Baltimore Orioles : LHP Mark Gehring
|
|
Pitching: LHP Mark Gehring
|
|
|
Batting: RHB Alain Delhaye
|
0-0: Called Strike 0-1: Ball 1-1: Ball 2-1: Called Strike 2-2: Foul Ball, location: 2F 2-2: Ball 3-2: Base on Balls
|
|
Batting: RHB Nick Dunn
|
0-0: Foul Ball, location: 2F 0-1: Ball 1-1: Swinging Strike 1-2: Strikes out swinging
|
|
Batting: LHB Rusty Ney
|
0-0: Reached on error, E4 (Groundball, 4M, EV 88.1 MPH) Alain Delhaye to second
|
|
Batting: RHB Preston Deakyne
|
0-0: Ball 1-0: Swinging Strike 1-1: Swinging Strike 1-2: Ball 2-2: Foul Ball, location: 2F 2-2: Foul Ball, location: 2F 2-2: Foul Ball, location: 2F 2-2: Ball 3-2: Foul Ball, location: 2F 3-2: Grounds into double play, U6-3 (Groundball, 4MS, EV 90.6 MPH)
|
| Bottom of the 1st over - 0 runs, 0 hits, 1 error, 1 left on base; Baltimore 0 - California 0 |
| TOP OF THE 2ND |
|
Baltimore Orioles batting - Pitching for California Angels : RHP Erick Vazquez
|
|
Batting: RHB Saimei Kudo
|
0-0: Foul Ball, location: 2F 0-1: Called Strike 0-2: Ball 1-2: Foul Ball, location: 2F 1-2: Strikes out swinging
|
|
Batting: SHB Cesar Herrera
|
0-0: Swinging Strike 0-1: Ball 1-1: Ball 2-1: Ball 3-1: Foul Ball, location: 2F 3-2: Strikes out looking
|
|
Batting: RHB Tenshou Takita
|
0-0: Called Strike 0-1: Called Strike 0-2: Ball 1-2: SINGLE (Groundball, 6, EV 99.4 MPH)
|
|
Batting: LHB Brian Feher
|
0-0: Called Strike Tenshou Takita steals 2nd base (no throw) 0-1: Ground out 4-3 (Groundball, 4M, EV 81.2 MPH)
|
| Top of the 2nd over - 0 runs, 1 hit, 0 errors, 1 left on base; Baltimore 0 - California 0 |
| BOTTOM OF THE 2ND |
|
California Angels batting - Pitching for Baltimore Orioles : LHP Mark Gehring
|
|
Batting: RHB Ruben Velasco
|
0-0: Called Strike 0-1: Ball 1-1: Ball 2-1: SOLO HOME RUN (Flyball, 89XD, EV 103.1 MPH), Distance : 405 ft
|
|
Batting: RHB Bjoern Waltersson
|
0-0: Called Strike 0-1: Called Strike 0-2: Fly out, F9 (Line Drive, 9D, EV 93.8 MPH)
|
|
Batting: RHB Avery Maxwell
|
0-0: Ball 1-0: Foul Ball, location: 2F 1-1: Ball 2-1: Ground out 5-3 (Groundball, 56, EV 81.2 MPH)
|
|
Batting: RHB Mike Harkins
|
0-0: Fly out, F4 (Popup, 4S, EV 70.6 MPH)
|
| Bottom of the 2nd over - 1 run, 1 hit, 0 errors, 0 left on base; Baltimore 0 - California 1 |
| TOP OF THE 3RD |
|
Baltimore Orioles batting - Pitching for California Angels : RHP Erick Vazquez
|
|
Batting: SHB Robert Handy
|
0-0: Foul Ball, location: 2F 0-1: Called Strike 0-2: Fly out, F8 (Flyball, 8RD, EV 99.4 MPH)
|
|
Batting: RHB Alex Rodriguez Jr.
|
0-0: Called Strike 0-1: Foul Ball, location: 2F 0-2: Ground out 6-3 (Groundball, 6, EV 85.6 MPH)
|
|
Batting: RHB Rudo Garciaparra
|
0-0: Ball 1-0: Ball 2-0: Ball 3-0: Base on Balls
|
|
Batting: RHB Marc Peckermark
|
0-0: Swinging Strike 0-1: Ball 1-1: Ball Rudo Garciaparra is caught stealing 2nd base 2-4
|
| Top of the 3rd over - 0 runs, 0 hits, 0 errors, 0 left on base; Baltimore 0 - California 1 |
| BOTTOM OF THE 3RD |
|
California Angels batting - Pitching for Baltimore Orioles : LHP Mark Gehring
|
|
Batting: RHB Luis Romero
|
0-0: Ground out 4-3 (Groundball, 4, EV 82.5 MPH)
|
|
Batting: RHB Alain Delhaye
|
0-0: Ball 1-0: Ball 2-0: Ball 3-0: Base on Balls
|
|
Batting: RHB Nick Dunn
|
0-0: Foul Ball, location: 2F 0-1: Ball Wild Pitch! Alain Delhaye to second 1-1: Ball 2-1: Ball 3-1: Base on Balls
|
|
Batting: LHB Rusty Ney
|
0-0: Foul Ball, location: 2F 0-1: Called Strike 0-2: Ball 1-2: Foul Ball, location: 2F 1-2: Foul Ball, location: 2F 1-2: Grounds into double play, 3-6-3 (Groundball, 34, EV 79.4 MPH)
|
| Bottom of the 3rd over - 0 runs, 0 hits, 0 errors, 1 left on base; Baltimore 0 - California 1 |
| TOP OF THE 4TH |
|
Baltimore Orioles batting - Pitching for California Angels : RHP Erick Vazquez
|
|
Batting: RHB Marc Peckermark
|
0-0: Foul Ball, location: 2F 0-1: Ball 1-1: Swinging Strike 1-2: Ball 2-2: Ball 3-2: Strikes out swinging
|
|
Batting: SHB Jason Hayes
|
0-0: Ball 1-0: Foul Ball, location: 2F 1-1: Ground out 6-3 (Groundball, 6M, EV 91.9 MPH)
|
|
Batting: RHB Saimei Kudo
|
0-0: Ball 1-0: Ball 2-0: Called Strike 2-1: Ground out 5-3 (Groundball, 5S, EV 80.6 MPH)
|
| Top of the 4th over - 0 runs, 0 hits, 0 errors, 0 left on base; Baltimore 0 - California 1 |
| BOTTOM OF THE 4TH |
|
California Angels batting - Pitching for Baltimore Orioles : LHP Mark Gehring
|
|
Batting: RHB Preston Deakyne
|
0-0: Called Strike 0-1: Ball 1-1: Ball 2-1: SINGLE (Line Drive, 6MD, EV 96.9 MPH)
|
|
Batting: RHB Ruben Velasco
|
0-0: Ball Preston Deakyne steals 2nd base 1-0: Foul Ball, location: 2F 1-1: 2-RUN HOME RUN (Flyball, 9LD, EV 96.2 MPH), Distance : 357 ft
|
|
Batting: RHB Bjoern Waltersson
|
0-0: Ball 1-0: Ball 2-0: Called Strike 2-1: Foul Ball, location: 2F 2-2: Foul Ball, location: 2F 2-2: Ball 3-2: Base on Balls
|
|
Batting: RHB Avery Maxwell
|
0-0: Ball 1-0: Ball 2-0: Called Strike 2-1: Foul Ball, location: 2F 2-2: Strikes out swinging
|
|
Batting: RHB Mike Harkins
|
0-0: Ball 1-0: Called Strike 1-1: Foul Ball, location: 2F 1-2: Strikes out swinging
|
|
Batting: RHB Luis Romero
|
0-0: Ball 1-0: Ball 2-0: Ball 3-0: Called Strike 3-1: Called Strike 3-2: Strikes out swinging
|
| Bottom of the 4th over - 2 runs, 2 hits, 0 errors, 1 left on base; Baltimore 0 - California 3 |
| TOP OF THE 5TH |
|
Baltimore Orioles batting - Pitching for California Angels : RHP Erick Vazquez
|
|
Batting: SHB Cesar Herrera
|
0-0: Called Strike 0-1: Ball 1-1: Called Strike 1-2: Ground out 4-3 (Groundball, 4, EV 110.0 MPH)
|
|
Batting: RHB Tenshou Takita
|
0-0: Ball 1-0: Ball 2-0: SINGLE (Line Drive, 7S, EV 106.9 MPH)
|
|
Batting: LHB Brian Feher
|
0-0: Ball Tenshou Takita steals 2nd base 1-0: Called Strike 1-1: DOUBLE (Line Drive, 7LD, EV 101.9 MPH) Tenshou Takita scores
|
|
Batting: SHB Robert Handy
|
0-0: Ball 1-0: Ball 2-0: Ball 3-0: Base on Balls
|
|
Batting: RHB Alex Rodriguez Jr.
|
0-0: Fly out, F7 (Line Drive, 78M, EV 97.5 MPH)
|
|
Batting: RHB Rudo Garciaparra
|
0-0: Ball 1-0: Swinging Strike 1-1: Swinging Strike 1-2: Foul Ball, location: 2F 1-2: Fly out, F7 (Flyball, 7, EV 78.1 MPH)
|
| Top of the 5th over - 1 run, 2 hits, 0 errors, 2 left on base; Baltimore 1 - California 3 |
| BOTTOM OF THE 5TH |
|
California Angels batting - Pitching for Baltimore Orioles : LHP Mark Gehring
|
|
Batting: RHB Alain Delhaye
|
0-0: SINGLE (Line Drive, 34D, EV 101.2 MPH)
|
|
Pitching: LHP Aldo Questi
|
|
|
Batting: RHB Nick Dunn
|
0-0: Ball 1-0: Ball 2-0: Called Strike 2-1: Ball 3-1: Base on Balls Alain Delhaye to second
|
|
Batting: LHB Rusty Ney
|
0-0: Foul Ball, location: 2F 0-1: Foul Ball, location: 2F 0-2: Ball 1-2: Strikes out swinging
|
|
Batting: RHB Preston Deakyne
|
0-0: Ball 1-0: Foul Ball, location: 2F 1-1: Swinging Strike 1-2: 3-RUN HOME RUN (Flyball, 7LD, EV 96.9 MPH), Distance : 350 ft
|
|
Batting: RHB Ruben Velasco
|
0-0: Swinging Strike 0-1: Ball 1-1: Called Strike 1-2: Strikes out swinging
|
|
Batting: RHB Bjoern Waltersson
|
0-0: Ball 1-0: Foul Ball, location: 2F 1-1: Ball 2-1: Ball 3-1: Base on Balls
|
|
Batting: RHB Avery Maxwell
|
0-0: Ball Bjoern Waltersson steals 2nd base 1-0: Foul Ball, location: 2F 1-1: DOUBLE (Line Drive, 89D, EV 106.2 MPH) Bjoern Waltersson scores
|
|
Pitching: RHP Josh Wollaston
|
|
|
Batting: RHB Mike Harkins
|
0-0: Ground out 6-3 (Groundball, 6, EV 86.9 MPH)
|
| Bottom of the 5th over - 4 runs, 3 hits, 0 errors, 1 left on base; Baltimore 1 - California 7 |
| TOP OF THE 6TH |
|
Baltimore Orioles batting - Pitching for California Angels : RHP Erick Vazquez
|
|
Batting: RHB Marc Peckermark
|
0-0: Ball 1-0: Ball 2-0: Ball 3-0: Base on Balls
|
|
Batting: SHB Jason Hayes
|
0-0: Called Strike 0-1: Ball 1-1: Fielders Choice at 2nd, 4-6 (Groundball, 34D, EV 78.8 MPH)
|
|
Batting: RHB Saimei Kudo
|
0-0: Grounds into double play, 1-6-3 (Groundball, 13, EV 68.1 MPH)
|
| Top of the 6th over - 0 runs, 0 hits, 0 errors, 0 left on base; Baltimore 1 - California 7 |
| BOTTOM OF THE 6TH |
|
California Angels batting - Pitching for Baltimore Orioles : RHP Josh Wollaston
|
|
Batting: RHB Luis Romero
|
0-0: Called Strike 0-1: Ball 1-1: Ball 2-1: Fly out, F8 (Flyball, 8LD, EV 95.6 MPH)
|
|
Batting: RHB Alain Delhaye
|
0-0: Ball 1-0: Swinging Strike 1-1: Called Strike 1-2: Strikes out swinging
|
|
Batting: RHB Nick Dunn
|
0-0: Ball 1-0: Ball 2-0: Ball 3-0: Called Strike 3-1: Ground out 5-3 (Groundball, 56, EV 101.9 MPH)
|
| Bottom of the 6th over - 0 runs, 0 hits, 0 errors, 0 left on base; Baltimore 1 - California 7 |
| TOP OF THE 7TH |
|
Baltimore Orioles batting - Pitching for California Angels : RHP Erick Vazquez
|
|
Batting: SHB Cesar Herrera
|
0-0: Ball 1-0: Called Strike 1-1: Ball 2-1: Swinging Strike 2-2: Ground out 5-3 (Groundball, 56, EV 89.4 MPH)
|
|
Batting: RHB Tenshou Takita
|
0-0: Ball 1-0: Called Strike 1-1: Called Strike 1-2: Strikes out looking
|
|
Batting: LHB Brian Feher
|
0-0: Called Strike 0-1: Ball 1-1: Swinging Strike 1-2: Strikes out swinging
|
| Top of the 7th over - 0 runs, 0 hits, 0 errors, 0 left on base; Baltimore 1 - California 7 |
| BOTTOM OF THE 7TH |
|
California Angels batting - Pitching for Baltimore Orioles : RHP Josh Wollaston
|
|
Batting: LHB Rusty Ney
|
0-0: Ball 1-0: Ball 2-0: Called Strike 2-1: Fly out, F9 (Line Drive, 9, EV 91.2 MPH)
|
|
Batting: RHB Preston Deakyne
|
0-0: Foul Ball, location: 2F 0-1: Ball 1-1: Foul Ball, location: 2F 1-2: Ball 2-2: Strikes out swinging
|
|
Batting: RHB Ruben Velasco
|
0-0: Ball 1-0: Foul Ball, location: 2F 1-1: Ball 2-1: Ball 3-1: Base on Balls
|
|
Batting: RHB Bjoern Waltersson
|
0-0: Foul Ball, location: 2F 0-1: Swinging Strike 0-2: Foul Ball, location: 2F 0-2: Ball 1-2: Foul Ball, location: 2F 1-2: Ball 2-2: SINGLE (Flyball, 8RS, EV 98.1 MPH) Ruben Velasco to second Runner from 2nd tries for 3rd, OUT! 8-5
|
| Bottom of the 7th over - 0 runs, 1 hit, 0 errors, 1 left on base; Baltimore 1 - California 7 |
| TOP OF THE 8TH |
|
Baltimore Orioles batting - Pitching for California Angels : RHP Erick Vazquez
|
|
Batting: SHB Robert Handy
|
0-0: Ball 1-0: Ball 2-0: Called Strike 2-1: Called Strike 2-2: Ball 3-2: Strikes out swinging
|
|
Pitching: RHP Dave Thomas
|
|
|
Batting: RHB Alex Rodriguez Jr.
|
0-0: Swinging Strike 0-1: Foul Ball, location: 2F 0-2: Ball 1-2: Foul Ball, location: 2F 1-2: Ball 2-2: Ball 3-2: Foul Ball, location: 2F 3-2: DOUBLE (Flyball, 8RXD, EV 95.6 MPH)
|
|
Batting: RHB Rudo Garciaparra
|
0-0: Ball 1-0: Foul Ball, location: 2F 1-1: Ball 2-1: Swinging Strike 2-2: Foul Ball, location: 2F 2-2: Ball 3-2: Strikes out swinging
|
|
Batting: RHB Marc Peckermark
|
0-0: Ball 1-0: Ground out U3 (Groundball, 3L, EV 81.9 MPH)
|
| Top of the 8th over - 0 runs, 1 hit, 0 errors, 1 left on base; Baltimore 1 - California 7 |
| BOTTOM OF THE 8TH |
|
California Angels batting - Pitching for Baltimore Orioles : RHP Josh Wollaston
|
|
Batting: RHB Avery Maxwell
|
0-0: Swinging Strike 0-1: Ball 1-1: Foul Ball, location: 2F 1-2: Ball 2-2: Ball 3-2: SINGLE (Groundball, 56D, EV 101.9 MPH)
|
|
Batting: RHB Mike Harkins
|
0-0: Ball 1-0: Ball 2-0: Called Strike 2-1: Ball Avery Maxwell is caught stealing 2nd base 2-4 3-1: Foul Ball, location: 2F 3-2: Strikes out swinging
|
|
Batting: RHB Luis Romero
|
0-0: Ball 1-0: Foul Ball, location: 2F 1-1: Called Strike 1-2: Ball 2-2: Strikes out swinging
|
| Bottom of the 8th over - 0 runs, 1 hit, 0 errors, 0 left on base; Baltimore 1 - California 7 |
| TOP OF THE 9TH |
|
Baltimore Orioles batting - Pitching for California Angels : RHP Dave Thomas
|
|
Batting: SHB Jason Hayes
|
0-0: Called Strike 0-1: Foul Ball, location: 2F 0-2: Strikes out swinging
|
|
Batting: RHB Saimei Kudo
|
0-0: Ball 1-0: Foul Ball, location: 2F 1-1: Ball 2-1: Ball 3-1: Called Strike 3-2: Fly out, F8 (Flyball, 8RS, EV 90.6 MPH)
|
|
Batting: SHB Cesar Herrera
|
0-0: Fly out, F2 (Popup, 2LF, EV 85.6 MPH)
|
| Top of the 9th over - 0 runs, 0 hits, 0 errors, 0 left on base; Baltimore 1 - California 7 |
|